 Dungeon Crawl Stone Soup version 0.30-a0-219-gf2db51d15e (webtiles) character file.

Game seed: 5929783979011414059

185 funkygono the Digger (level 5, -3/28 HPs)
             Began as a Gargoyle Earth Elementalist on Oct 7, 2022.
             Slain by a wight
             ... wielding a +0 great sword
              (10 damage)
             ... on level 3 of the Dungeon.
             The game lasted 00:04:19 (3214 turns).

funkygono the Digger (Gargoyle Earth Elementalist)  Turns: 3214, Time: 00:04:19

Health: -3/28      AC: 10    Str: 17    XL:     5   Next: 64%
Magic:  5/10       EV: 12    Int: 18    God:
Gold:   177        SH:  0    Dex: 10    Spells: 2/10 levels left

rFire   . . .      SeeInvis .    p - +2 flail (protect)
rCold   . . .      Faith    .    (no shield)
rNeg    + . .      Spirit   .    a - +0 robe
rPois   ∞          Reflect  .    (no helmet)
rElec   +          Harm     .    (no cloak)
rCorr   .          Rampage  .    (no gloves)
Will    .....                    (no boots)
Stlth   ++........               (no amulet)
HPRegen 0.24/turn                o - +6 ring of strength
MPRegen 0.12/turn                j - +4 ring of protection

@: no status effects
A: sickness immunity, AC +4, negative energy resistance 1, electricity
resistance, torment resistance 1, petrification resistance
a: no special abilities


You were on level 3 of the Dungeon.
You visited 1 branch of the dungeon, and saw 4 of its levels.

You collected 177 gold pieces.

Inventory:

Hand Weapons
 e - a +1 dagger of protection
 k - a +0 whip
 l - a +0 mace
 p - a +2 flail of protection (weapon)
Armour
 a - a +0 robe (worn)
Jewellery
 h - a ring of resist corrosion
 j - a +4 ring of protection (right hand)
 o - a +6 ring of strength (left hand)
Scrolls
 d - 5 scrolls of identify {unknown}
 f - 3 scrolls of magic mapping {unknown}
 g - 2 scrolls of amnesia {unknown}
 m - 2 scrolls of blinking {unknown}
 q - a scroll of noise {unknown}
 r - a scroll of poison {unknown}
Potions
 b - a potion of magic
 c - 4 potions of curing {unknown}
 i - a potion of might {unknown}
 n - a potion of heal wounds {unknown}


   Skills:
 + Level 2.0 Dodging
 - Level 2.1 Stealth
 + Level 3.3 Spellcasting
 * Level 1.7 Conjurations
 * Level 1.0 Translocations
 + Level 0.7 Transmutations
 + Level 5.3 Earth Magic


You had 2 spell levels left.
You knew the following spells:

 Your Spells              Type           Power      Damage    Failure   Level
a - Sandblast             Erth           44%        2d11      1%          1
b - Passwall              Tmut/Erth      11%        N/A       7%          2
c - Stone Arrow           Conj/Erth      30%        3d8       11%         3
d - Blink                 Tloc           12%        N/A       16%         2

Your spell library contained the following spells:

 Spells                   Type           Power      Damage    Failure   Level
 Momentum Strike          Conj/Tloc      14%        3d8       14%         2
 Slow                     Hex            12%        N/A       16%         1
 Lesser Beckoning         Tloc           12%        N/A       30%         3
 Petrify                  Tmut/Erth      14%        N/A       41%         4
 Confusing Touch          Hex            3%         N/A       43%         3
 Vampiric Draining        Necr           3%         2d6       43%         3
 Malign Gateway           Summ/Tloc      2%         N/A       100%        7
 Summon Horrible Things   Summ           1%         N/A       100%        8


Dungeon Overview and Level Annotations

Branches:
Dungeon (4/15)             Temple (0/1) D:4

Altars:


Innate Abilities, Weirdness & Mutations

You are immune to sickness and miasma.
Your stone body is resilient. (AC +4)
You are immune to poison.
You resist negative energy. (rN+)
You are resistant to electric shocks. (rElec)
You are resistant to unholy torment.
You are immune to petrification.


Message History

Aim: a wight, wielding a +0 great sword and wearing a +0 robe (83% to hit)
The blast of sand hits the wight.
The wight is lightly damaged.
The wight hits you with a +0 great sword.
Unknown command.
Casting: Sandblast (safe; 1% risk of failure)
Confirm with . or Enter, or press ? or * to list all spells.
Aiming: Sandblast (safe; 1% risk of failure)
Press: ? - help, Shift-Dir - straight line, f/p - wight
Aim: a wight, wielding a +0 great sword and wearing a +0 robe (lightly damaged, 83% to hit)
The blast of sand hits the wight but does no damage.
The wight is lightly damaged.
The wight barely misses you. The wight closely misses you.
Casting: Sandblast (safe; 1% risk of failure)
Confirm with . or Enter, or press ? or * to list all spells.
Aiming: Sandblast (safe; 1% risk of failure)
Press: ? - help, Shift-Dir - straight line, f/p - wight
Aim: a wight, wielding a +0 great sword and wearing a +0 robe (lightly damaged, 83% to hit)
The blast of sand hits the wight but does no damage.
The wight is lightly damaged.
The wight hits you but does no damage.
Casting: Sandblast (safe; 1% risk of failure)
Confirm with . or Enter, or press ? or * to list all spells.
Aiming: Sandblast (safe; 1% risk of failure)
Press: ? - help, Shift-Dir - straight line, f/p - wight
Aim: a wight, wielding a +0 great sword and wearing a +0 robe (lightly damaged, 83% to hit)
The blast of sand hits the wight.
The wight is lightly damaged.
The wight hits you with a +0 great sword!
* * * LOW HITPOINT WARNING * * *
The wight misses you.
Casting: Sandblast (safe; 1% risk of failure)
Confirm with . or Enter, or press ? or * to list all spells.
Aiming: Sandblast (safe; 1% risk of failure)
Press: ? - help, Shift-Dir - straight line, f/p - wight
Aim: a wight, wielding a +0 great sword and wearing a +0 robe (lightly damaged, 83% to hit)
The blast of sand hits the wight!
The wight is heavily damaged.
The wight hits you with a +0 great sword!
You die...

###########.# ######
#........)... #....#
###......####.#
#########....######........####.#
.....[................[....'....#
###########.....##.##......######
..........'......#.##......######
.##########....z.#.##......#.....
|#<# ######@...'......'.#### .#.#
#.##.#......#.#### .#.#
#.##.########..... .#.#
#.##.##### #.#### .#.# #.##.....#
#.# # ...# #.######.# #.# #
################.# #.# #.# #
..............†..# #.# #.# #
#############....######.# #.#


You could see a wight.

Vanquished Creatures
  A hound (D:3)
  An orc priest (D:2)
  3 gnolls (D:2)
  3 adders (D:2)
  2 worms (D:2)
  4 dart slugs
  3 orcs
  3 bats
  An endoplasm (D:3)
  3 giant cockroaches
  6 goblins
  5 hobgoblins
  A jackal (D:2)
  2 quokkas (D:1)
  8 ball pythons
  3 frilled lizards (D:3)
  4 kobolds
  4 rats
57 creatures vanquished.

Vanquished Creatures (others)
  3 plants (D:2)
3 creatures vanquished.

Grand Total: 60 creatures vanquished

Notes
Turn   | Place    | Note
-------+----------+-------------------------------------------
     0 | D:1      | funkygono the Gargoyle Earth Elementalist began the quest
                  | for the Orb.
     0 | D:1      | Reached XP level 1. HP: 10/10 MP: 3/3
    91 | D:1      | Reached XP level 2. HP: 15/15 MP: 3/5
    99 | D:1      | Learned a level 2 spell: Passwall
   188 | D:1      | Reached skill level 4 in Earth Magic
   245 | D:1      | Found a faded altar of an unknown god.
  1063 | D:2      | Reached XP level 3. HP: 19/19 MP: 4/6
  1067 | D:2      | Learned a level 3 spell: Stone Arrow
  1452 | D:2      | Reached XP level 4. HP: 24/24 MP: 6/8
  1455 | D:2      | Learned a level 2 spell: Blink
  1584 | D:2      | Reached skill level 1 in Conjurations
  1936 | D:2      | Reached XP level 5. HP: 28/28 MP: 5/9
  2572 | D:3      | Reached skill level 1 in Translocations
  3031 | D:3      | Reached skill level 5 in Earth Magic
  3207 | D:4      | Found a staircase to the Ecumenical Temple.
  3214 | D:3      | Slain by a wight

Illustrated notes

Levels and vault maps discovered:
D:1:      dpeg_arrival_tiny_b, layout_basic,
          chequers_ecumenical_altar_simple_redux
D:2:      minmay_diamond_boxcup, layout_loops_corners, serial_bayou_lagoon_a
D:3:      layout_basic
D:4:      layout_gridville, minmay_temple_entry_purple_smoke,
          cheibrodos_gnoll_hut

Skill      XL: |  1  2  3  4  5 |
---------------+----------------+-----
Earth Magic    | 4 5 |  5.3
Dodging        | 2 |  2.0
Spellcasting   | 3 |  3.3
Conjurations   | 1 |  1.7
Translocations | 1 |  1.0
Stealth        | |  2.1
Transmutations | |  0.7

Action                   |  1- 3 |  4- 6 || total
-------------------------+-------+-------++-------
Melee: Whip              |     5 |       ||     5
       Flail             |       |     3 ||     3
 Cast: Sandblast         |    39 |    45 ||    84
Armor: Robe              |     4 |     6 ||    10
Dodge: Dodged            |     3 |    12 ||    15

Table legend: (Time is in decaauts)
 A = Elapsed time spent in this place.
 B = Non-inter-level travel time spent in this place.
 C = Inter-level travel time spent in this place.
 D = Time resting spent in this place.
 E = Time spent auto-exploring this place.
 F = Levels seen in this place.
 G = Mean time per level.
                   A        B        C        D        E       F      G
               +--------+--------+--------+--------+--------+-----+--------+
         Total |   3258 |   3196 |     62 |     23 |   2806 |   4 |  814.5 |
       Dungeon |   3258 |   3196 |     62 |     23 |   2806 |   4 |  814.5 |
               +--------+--------+--------+--------+--------+-----+--------+

Top non-repeatable levels by time:
     D:2: 1407 daAuts
     D:1: 976 daAuts
     D:3: 873 daAuts
     D:4: 1 daAuts
